 Dungeon Crawl Stone Soup version 0.29-a0-866-g0545e20025 (webtiles) character file.

Game seed: 2965202246499435889

2635 Malachi the Destroyer (level 9, -12/66 HPs)
             Began as a Gnoll Conjurer on July 17, 2022.
             Mangled by a sun demon (16 damage)
             ... summoned by a kobold demonologist
             ... on level 7 of the Dungeon.
             The game lasted 00:18:24 (10071 turns).

Malachi the Destroyer (Gnoll Conjurer)             Turns: 10071, Time: 00:18:24

Health: -12/66     AC:  6    Str:  6      XL:     9   Next: 61%
Magic:  21/28      EV: 14    Int: 21 (22) God:
Gold:   318        SH:  0    Dex: 11      Spells: 11/21 levels left

rFire   + . .      SeeInvis .   k - +2 arbalest
rCold   + . .      Faith    .   (shield currently unavailable)
rNeg    . . .      Spirit   .   d - +2 robe {rC+ rF+}
rPois   .          Reflect  .   l - +1 helmet
rElec   .          Harm     .   (no cloak)
rCorr   .          Rampage  .   (no gloves)
Will    +....                   (no boots)
Stlth   +++.......              j - amulet of magic regeneration
HPRegen 0.21/turn               v - ring of magical power
MPRegen 0.61/turn               q - ring of willpower

@: no status effects
A: fangs 1, strong nose, distributed training
a: no special abilities


You were on level 7 of the Dungeon.
You visited 2 branches of the dungeon, and saw 8 of its levels.

You collected 318 gold pieces.

Inventory:

Hand Weapons
 k - a +2 arbalest (weapon)
 s - a +2 long sword of protection
 y - a +2 dagger of venom
Missiles
 i - 3 poisoned darts
 w - 2 javelins
Armour
 d - a +2 robe of resistance (worn)
 l - a +1 helmet (worn)
Magical Staves
 p - a staff of fire
 r - a staff of death
Jewellery
 e - a ring of positive energy
 j - an amulet of magic regeneration (around neck)
 q - a ring of willpower (right hand)
 v - a ring of magical power (left hand)
Wands
 a - a wand of charming (8)
 m - a wand of roots (12)
 t - a wand of polymorph (3)
 u - a wand of flame (26)
Scrolls
 g - a scroll of immolation
 x - a scroll of amnesia {unknown}
 z - a scroll of poison {unknown}
 A - a scroll of summoning {unknown}
Potions
 b - 2 potions of magic
 c - 5 potions of haste
 f - a potion of brilliance {unknown}
 h - a potion of curing
 n - 2 potions of cancellation
 o - a potion of heal wounds


   Skills:
 + Level 4.6 Fighting
 + Level 4.6 Short Blades
 + Level 4.6 Long Blades
 + Level 4.6 Axes
 + Level 4.6 Maces & Flails
 + Level 4.6 Polearms
 + Level 4.6 Staves
 + Level 4.6 Ranged Weapons
 + Level 4.6 Throwing
 + Level 4.6 Armour
 + Level 6.5 Dodging
 + Level 6.3 Stealth
 + Level 4.6 Shields
 + Level 4.6 Unarmed Combat
 + Level 6.9 Spellcasting
 + Level 8.1 Conjurations
 + Level 3.8 Hexes
 + Level 3.8 Summonings
 + Level 3.8 Necromancy
 + Level 3.8 Translocations
 + Level 3.8 Transmutations
 + Level 3.8 Fire Magic
 + Level 3.8 Ice Magic
 + Level 3.8 Air Magic
 + Level 3.8 Earth Magic
 + Level 3.8 Poison Magic
 + Level 5.0 Invocations
 + Level 4.6 Evocations


You had 11 spell levels left.
You knew the following spells:

 Your Spells              Type           Power      Damage    Failure   Level
a - Magic Dart            Conj           100%       1d8       1%          1
b - Searing Ray           Conj           82%        2d7       1%          2
c - Iskenderun's Mystic   Conj/Tloc      32%        2d8       8%          4
d - Teleport Other        Tloc           23%        N/A       5%          3

Your spell library contained the following spells:

 Spells                   Type           Power      Damage    Failure   Level
 Beastly Appendage        Tmut           46%        N/A       1%          1
 Scorch                   Fire           46%        2d7       2%          2
 Wereblood                Tmut           23%        N/A       2%          2
 Dazzling Flash           Conj/Hex       64%        N/A       2%          3
 Gell's Gravitas          Tloc           23%        N/A       5%          3
 Ozocubu's Armour         Ice            23%        N/A       5%          3
 Spider Form              Tmut/Pois      23%        N/A       5%          3
 Flame Wave               Conj/Fire      32%        2d8       8%          4
 Fulminant Prism          Conj/Hex       16%        3d11      8%          4
 Dispersal                Tloc           11%        N/A       96%         6
 Summon Cactus Giant      Summ           11%        N/A       96%         6
 Ozocubu's Refrigeration  Ice            11%        4d7       100%        7


Dungeon Overview and Level Annotations

Branches:
Dungeon (7/15)             Temple (1/1) D:5

Altars:
Ashenzari
Cheibriados
Dithmenos
Elyvilon
Fedhas
Gozag
Kikubaaqudgha
Makhleb
Nemelex Xobeh
Qazlal
Ru
Uskayaw
Vehumet
Xom
Yredelemnul
Zin
The Shining One

Shops:
D:3 [   D:6 *


Innate Abilities, Weirdness & Mutations

You have very sharp teeth.
Your uncanny sense of smell can sniff out nearby items.
Your experience applies equally to all skills.


Message History

The sun demon hits you but does no damage.
The kobold demonologist looks encouraged for a moment.
Okay, then.
Aiming: Fastroot
Press: ? - help, Shift-Dir - straight line, f/p - kobold demonologist
Aim: a kobold demonologist, wielding a +0 dagger and wearing a +0 robe (severely wounded)
The roots erupt in riotous growth!
Roots grab the kobold demonologist.
Roots grab the kobold brigand.
Roots grab the ufetubus.
Roots grab the kobold.
Roots grab the sun demon.
Roots grab the kobold.
The grasping roots constrict the kobold demonologist.
The grasping roots constrict the kobold.
You kill the kobold!
The grasping roots constrict the kobold!
You kill the kobold!
The grasping roots constrict the kobold brigand.
The grasping roots constrict the sun demon.
The grasping roots constrict the ufetubus!
You kill the ufetubus!
The ufetubus disappears in a puff of smoke!
The sun demon closely misses you.
The kobold demonologist mumbles some strange words.
Unknown command.
Aiming: Fastroot
Press: ? - help, Shift-Dir - straight line, p - kobold demonologist The roots erupt in riotous growth!
Roots grab the ufetubus.
The grasping roots constrict the kobold demonologist.
The grasping roots constrict the kobold brigand!
The grasping roots constrict the sun demon.
The grasping roots constrict the ufetubus.
The roots release their grip on the sun demon.
The sun demon hits you!
* * * LOW HITPOINT WARNING * * *
You are engulfed in flames.
You resist.
* * * LOW HITPOINT WARNING * * *
The kobold demonologist casts a spell.
The ufetubus hits you but does no damage.
The ufetubus barely misses you. The sun demon hits you!
You die...

#.......##....#.....#...#.
##########....#.....#...#.
#######.....#...#.
#...........#...#.
#...........#...'. ∆
#...[.......#####.
#.................
#######.................
....5K3@5..............#
....5)K###+##.........##
.....§K #........##
......5 #........#..
....... #........#..
....[.. #........#..
####### #........##.
####+##... # +...


You could see a sun demon (summoned), a kobold demonologist (rooted), a kobold
brigand (rooted), an iron imp (summoned), a crimson imp (summoned, expiring), a
white imp (summoned), an ufetubus (summoned, rooted) and a kobold.

Vanquished Creatures
  Pikel (D:6)
  Sigmund (D:5)
  A water moccasin (D:5)
  2 ice beasts (D:6)
  2 sky beasts
  2 ogres
  2 centaurs
  3 lemures (D:6)
  A phantom (D:5)
  4 scorpions
  3 wights (D:6)
  2 jellies
  A gnoll bouda (D:5)
  3 orc priests
  4 hounds (D:5)
  An iguana (D:4)
  Terence (D:3)
  5 orc wizards
  6 gnolls
  7 adders
  A shadow imp (D:6)
  An ufetubus (D:6)
  3 worms
  5 dart slugs
  16 orcs
  6 ball pythons
  7 bats
  5 endoplasms
  10 giant cockroaches
  9 goblins
  5 hobgoblins
  3 jackals (D:3)
  11 kobolds
  7 quokkas
  3 frilled lizards
  7 rats
151 creatures vanquished.

Notes
Turn   | Place    | Note
-------+----------+-------------------------------------------
     0 | D:1      | Malachi the Gnoll Conjurer began the quest for the Orb.
     0 | D:1      | Reached XP level 1. HP: 13/13 MP: 6/6
   215 | D:1      | Reached XP level 2. HP: 19/19 MP: 3/7
   752 | D:1      | Found a faded altar of an unknown god.
   953 | D:2      | Learned a level 2 spell: Searing Ray
  1007 | D:2      | Reached skill level 5 in Spellcasting
  1007 | D:2      | Reached XP level 3. HP: 25/25 MP: 6/9
  1379 | D:2      | Reached skill level 1 in Invocations
  1509 | D:2      | Found Coco's Armour Emporium.
  1703 | D:2      | Reached skill level 1 in Fighting
  1703 | D:2      | Reached skill level 1 in Short Blades
  1703 | D:2      | Reached skill level 1 in Long Blades
  1703 | D:2      | Reached skill level 1 in Axes
  1703 | D:2      | Reached skill level 1 in Maces & Flails
  1703 | D:2      | Reached skill level 1 in Polearms
  1703 | D:2      | Reached skill level 1 in Staves
  1703 | D:2      | Reached skill level 1 in Ranged Weapons
  1703 | D:2      | Reached skill level 1 in Throwing
  1703 | D:2      | Reached skill level 1 in Armour
  1703 | D:2      | Reached skill level 1 in Shields
  1703 | D:2      | Reached skill level 1 in Unarmed Combat
  1703 | D:2      | Reached skill level 1 in Evocations
  2351 | D:2      | Reached skill level 1 in Hexes
  2351 | D:2      | Reached skill level 1 in Summonings
  2351 | D:2      | Reached skill level 1 in Necromancy
  2351 | D:2      | Reached skill level 1 in Translocations
  2351 | D:2      | Reached skill level 1 in Transmutations
  2351 | D:2      | Reached skill level 1 in Fire Magic
  2351 | D:2      | Reached skill level 1 in Ice Magic
  2351 | D:2      | Reached skill level 1 in Air Magic
  2351 | D:2      | Reached skill level 1 in Earth Magic
  2351 | D:2      | Reached skill level 1 in Poison Magic
  2351 | D:2      | Reached XP level 4. HP: 17/32 MP: 6/11
  2624 | D:3      | Reached XP level 5. HP: 34/37 MP: 6/12
  2885 | D:3      | Noticed Terence
  2890 | D:3      | Killed Terence
  3121 | D:3      | Found Nyhyfoez's Armour Emporium.
  3773 | D:4      | Noticed an ogre
  4127 | D:3      | Reached XP level 6. HP: 12/44 MP: 10/13
  4570 | D:4      | Reached skill level 5 in Dodging
  4681 | D:4      | Learned a level 4 spell: Iskenderun's Mystic Blast
  4884 | D:4      | HP: 1/44 [poisoned by a scorpion]
  5458 | D:5      | Entered Level 5 of the Dungeon
  5619 | D:5      | Reached XP level 7. HP: 51/51 MP: 15/15
  5728 | D:5      | Reached skill level 5 in Stealth
  5802 | D:5      | Noticed Sigmund
  5851 | D:5      | Killed Sigmund
  6175 | D:5      | Reached XP level 8. HP: 22/58 MP: 10/16
  6462 | D:5      | Found a staircase to the Ecumenical Temple.
  7754 | D:6      | Noticed Pikel
  7766 | D:6      | Killed Pikel
  7767 | D:6      | Reached skill level 8 in Conjurations
  7767 | D:6      | Reached XP level 9. HP: 44/65 MP: 7/18
  8904 | D:6      | Found Lirche Naje's General Store.
  8927 | D:6      | Reached skill level 5 in Invocations
  8978 | D:6      | Found a basalt altar of Yredelemnul.
  9213 | D:6      | Learned a level 3 spell: Teleport Other
  9573 | Temple   | Entered the Ecumenical Temple
 10056 | D:7      | Noticed a kobold demonologist
 10062 | D:7      | Noticed a sun demon
 10071 | D:7      | Mangled by a sun demon

Illustrated notes

Levels and vault maps discovered:
D:1:      nagdon_arrival_zigzag_paths, layout_basic, serial_corexii_hall,
          chequers_hall_statues_y, corexii_hall_statues_l,
          dreamdust_ecumenical_altar_hidden_monk_grotto, nicolae_wormholes
D:2:      layout_basic, serial_shops, nicolae_shop_advertising_works
          [nicolae_subvault_shop_adworks]
D:3:      layout_basic, serial_shops, nicolae_shop_behind_doors,
          kennysheep_generic_room_16, uniq_terence
D:4:      layout_cave_pools
D:5:      layout_basic, minmay_temple_entry_from_below_a, uniq_sigmund
D:6:      layout_basic, old_standard_altar, gup_sewer_entry_pipe, serial_shops,
          shop_statue, uniq_pikel
D:7:      layout_gridville, kennysheep_windowed_goal
Temple:   compressed_dpeg_triangle_lava_temple

Skill      XL: |  1  2  3  4  5  6  7  8  9 |
---------------+----------------------------+-----
Spellcasting   | 5 6 |  6.9
Invocations    | 1 2 3 4 5 |  5.0
Fighting       | 1 2 3 4 |  4.6
Short Blades   | 1 2 3 4 |  4.6
Long Blades    | 1 2 3 4 |  4.6
Axes           | 1 2 3 4 |  4.6
Maces & Flails | 1 2 3 4 |  4.6
Polearms       | 1 2 3 4 |  4.6
Staves         | 1 2 3 4 |  4.6
Ranged Weapons | 1 2 3 4 |  4.6
Throwing       | 1 2 3 4 |  4.6
Armour         | 1 2 3 4 |  4.6
Shields        | 1 2 3 4 |  4.6
Unarmed Combat | 1 2 3 4 |  4.6
Evocations     | 1 2 3 4 |  4.6
Hexes          | 1 2 3 |  3.8
Summonings     | 1 2 3 |  3.8
Necromancy     | 1 2 3 |  3.8
Translocations | 1 2 3 |  3.8
Transmutations | 1 2 3 |  3.8
Fire Magic     | 1 2 3 |  3.8
Ice Magic      | 1 2 3 |  3.8
Air Magic      | 1 2 3 |  3.8
Earth Magic    | 1 2 3 |  3.8
Poison Magic   | 1 2 3 |  3.8
Dodging        | 5 6 |  6.5
Stealth        | 5 6 |  6.3
Conjurations   | 8 |  8.1

Action                   |  1- 3 |  4- 6 |  7- 9 || total
-------------------------+-------+-------+-------++-------
Melee: Dagger            |       |       |     9 ||     9
       Long sword        |       |       |     8 ||     8
       Bite              |       |       |     3 ||     3
       Punch             |       |       |     1 ||     1
 Fire: Arbalest          |    17 |   114 |   110 ||   241
 Cast: Magic Dart        |    60 |       |       ||    60
       Searing Ray       |     8 |    19 |    29 ||    56
       Iskenderun's Myst |       |       |     4 ||     4
Evoke: Wand              |       |     2 |     9 ||    11
  Use: Scroll            |     3 |     6 |     2 ||    11
       Potion            |       |     1 |     4 ||     5
Armor: Robe              |     7 |    24 |    44 ||    75
Dodge: Dodged            |    17 |    67 |    98 ||   182

Table legend: (Time is in decaauts)
 A = Elapsed time spent in this place.
 B = Non-inter-level travel time spent in this place.
 C = Inter-level travel time spent in this place.
 D = Time resting spent in this place.
 E = Time spent auto-exploring this place.
 F = Levels seen in this place.
 G = Mean time per level.
                   A        B        C        D        E       F      G
               +--------+--------+--------+--------+--------+-----+--------+
         Total |  10265 |   9450 |    815 |   2390 |   5594 |   8 | 1283.1 |
       Dungeon |   9933 |   9125 |    808 |   2390 |   5303 |   7 | 1419.0 |
        Temple |    331 |    324 |      7 |      0 |    291 |   1 |  331.0 |
               +--------+--------+--------+--------+--------+-----+--------+

Top non-repeatable levels by time:
     D:6: 2214 daAuts
     D:3: 1924 daAuts
     D:5: 1831 daAuts
     D:2: 1742 daAuts
     D:4: 1122 daAuts
     D:1: 961 daAuts
  Temple: 331 daAuts
     D:7: 136 daAuts
